 Dungeon Crawl Stone Soup version 0.29-a0-1023-g6ae1a4a2c7 (webtiles) character file.

Game seed: 15536281487507210917

3757 BritishOli the Fighter (level 9, -16/76 HPs)
             Began as a Demonspawn Fighter on Aug 11, 2022.
             Was an Elder of Okawaru.
             Demolished by a two-headed ogre
             ... wielding a +0 giant club
              (29 damage)
             ... on level 8 of the Dungeon.
             The game lasted 00:21:37 (6892 turns).

BritishOli the Fighter (Demonspawn Fighter)         Turns: 6892, Time: 00:21:39

Health: -16/76     AC: 14    Str: 21    XL:     9   Next: 94%
Magic:  9/9        EV: 10    Int:  9    God:    Okawaru [****..]
Gold:   564        SH:  0    Dex: 13    Spells: 8/8 levels left

rFire   . . .      SeeInvis .   y - +0 great sword
rCold   + . .      Faith    .   (shield currently unavailable)
rNeg    + . .      Spirit   .   o - +4 ring mail "Koenef" {rN+ Regen+ Stlth-}
rPois   .          Reflect  .   (helmet restricted)
rElec   .          Harm     .   (no cloak)
rCorr   .          Rampage  .   u - +1 pair of gloves
Will    .....                   r - +0 pair of boots
Stlth   ..........              (no amulet)
HPRegen 1.02/turn               k - ring of flight
MPRegen 0.11/turn               s - ring of protection from cold

@: flying
A: horns 1, (demonic guardian 2), powered by death 1
a: Renounce Religion, Heroism, Finesse


You were on level 8 of the Dungeon.
You worshipped Okawaru.
Okawaru was greatly pleased with you.
You visited 2 branches of the dungeon, and saw 10 of its levels.

You collected 564 gold pieces.

Inventory:

Hand Weapons
 a - a +0 long sword
 y - a +0 great sword (weapon)
Armour
 c - a +0 buckler
 o - the +4 ring mail "Koenef" (worn) {rN+ Regen+ Stlth-}
   (You found it on level 3 of the Dungeon)

   rN:        It protects you from negative energy.
   Regen:     It increases your rate of health regeneration.
   Stlth:     It makes you less stealthy.
 r - a +0 pair of boots (worn)
 u - a +1 pair of gloves (worn)
Jewellery
 k - a ring of flight (left hand)
 s - a ring of protection from cold (right hand)
Wands
 w - a wand of paralysis (18)
Scrolls
 b - 2 scrolls of enchant weapon
 e - a scroll of brand weapon
 g - 2 scrolls of identify
 i - a scroll of teleportation
 l - 2 scrolls of fog {unknown}
 m - a scroll of blinking {unknown}
 v - 2 scrolls of fear {unknown}
 x - a scroll of magic mapping {unknown}
Potions
 d - 4 potions of might
 f - a potion of magic
 h - 2 potions of ambrosia
 j - a potion of brilliance {unknown}
 n - 4 potions of curing
 p - a potion of heal wounds
 q - 2 potions of invisibility
 t - 2 potions of flight


   Skills:
 * Level 9.3 Fighting
 * Level 6.3 Long Blades
 + Level 6.5 Armour
 + Level 6.5 Shields


You had 8 spell levels left.
You didn't know any spells.
Your spell library contained the following spells:

 Spells                   Type           Power      Damage    Failure   Level
 Freeze                   Ice            0%         1d3       54%         1
 Static Discharge         Conj/Air       0%         3-3/arc   67%         2
 Frozen Ramparts          Ice            0%         1d1       88%         3
 Dispel Undead            Necr           0%         3d6       99%         4
 Hailstorm                Conj/Ice       0%         3d3       99%         4
 Sticky Flame             Conj/Fire      0%         2d3       99%         4
 Summon Small Mammal      Summ           Unusable   N/A       N/A         1
 Call Canine Familiar     Summ           Unusable   N/A       N/A         3
 Summon Guardian Golem    Hex/Summ       Unusable   N/A       N/A         3

Dungeon Overview and Level Annotations

Branches:
Dungeon (9/15)             Temple (1/1) D:5
   Lair: D:8-11         Orc: D:9-12

Altars:
Ashenzari
Cheibriados
Dithmenos
Fedhas
Gozag
Hepliaklqana
Kikubaaqudgha
Makhleb
Nemelex Xobeh
Okawaru
Qazlal
Ru
Sif Muna
Trog
Uskayaw
Vehumet
Wu Jian
Xom
Yredelemnul

Shops:
D:6 (


Innate Abilities, Weirdness & Mutations

You have a pair of small horns on your head.
((A demonic guardian rushes to your aid.))
You regenerate a little health from kills.


Message History

a +0 flail; a +0 plate armour You start resting.
HP restored.
z - a +0 plate armour You start removing your armour.
You continue taking off the +4 ring mail "Koenef" {rN+ Regen+ Stlth-}. x4
You finish taking off the +4 ring mail "Koenef" {rN+ Regen+ Stlth-}.
You start putting on your armour.
You continue putting on your +0 plate armour. x5
You finish putting on your +0 plate armour.
You start removing your armour.
You continue taking off your +0 plate armour. x4
You finish taking off your +0 plate armour.
You start putting on your armour.
You continue putting on the +4 ring mail "Koenef" {rN+ Regen+ Stlth-}. x5
You finish putting on the +4 ring mail "Koenef" {rN+ Regen+ Stlth-}.
The ring mail "Koenef" throbs as it attunes itself to your uninjured body.
You drop a +0 plate armour.
You start removing your armour.
You continue taking off your +0 buckler. x4
You finish taking off your +0 buckler.
y - a +0 great sword (weapon)
There is a stone staircase leading down here.
A two-headed ogre is nearby!
The two-headed ogre shouts in stereo!
You hit the two-headed ogre but do no damage.
Your headbutt misses the two-headed ogre.
The two-headed ogre hits you with a +0 giant club! x2
You slice the two-headed ogre!!
The two-headed ogre is moderately wounded.
The two-headed ogre hits you with a +0 giant club! x2
You are too injured to fight recklessly!
You are too injured to fight recklessly!
You barely miss the two-headed ogre.
Your headbutt misses the two-headed ogre.
The two-headed ogre is moderately wounded.
The two-headed ogre hits you with a +0 giant club!!
* * * LOW HITPOINT WARNING * * *
The two-headed ogre hits you with a +0 giant club!!
You die...

#.# #....P..+ #......... #.#
#....P..# #...P.#... #.#
#.#.....####..P..#... #####
#.#####.#....PP....P...#.#.
....#
#...........P.....P..P.#...
###.#
#######.##P..P.P........... #.#
#.###............#..#
#.#########.###.#....P.##..#..#
#.............@O......###..#..#
###########.###.#.##...........
#.# #.#.? .......#<## #.#
#.#########.##.# #.# #.# #. #.#
#.. ... # #.# ### .# ..# .. ###


You could see a two-headed ogre.

Vanquished Creatures
  9 yaks
  A wyvern (D:8)
  Edmund (D:4)
  A water moccasin (D:7)
  An orc warrior (D:8)
  2 ice beasts
  2 sky beasts (D:8)
  A black bear (D:8)
  An ogre (D:6)
  A phantom (D:4)
  A kobold brigand (D:8)
  4 bullfrogs
  A necrophage (D:6)
  4 scorpions
  5 wights (D:8)
  A howler monkey (D:5)
  2 hounds
  A jelly (D:5)
  An orc priest (D:9)
  Jessica (D:3)
  2 orc wizards
  3 gnolls (D:5)
  9 adders
  A shadow imp (D:6)
  2 white imps
  3 ufetubi
  2 worms
  2 dart slugs
  23 orcs
  2 endoplasms (D:2)
  3 giant cockroaches
  5 goblins
  6 hobgoblins
  2 jackals (D:2)
  13 kobolds
  A quokka (D:2)
  9 ball pythons
  10 bats
  3 frilled lizards
  2 rats
144 creatures vanquished.

Vanquished Creatures (collateral kills)
  An orc (D:3)
1 creature vanquished.

Vanquished Creatures (others)
  13 fungi (D:8)
  8 plants (D:8)
21 creatures vanquished.

Grand Total: 166 creatures vanquished

Notes
Turn   | Place    | Note
-------+----------+-------------------------------------------
     0 | D:1      | BritishOli the Demonspawn Fighter began the quest for the
                  | Orb.
     0 | D:1      | Reached XP level 1. HP: 18/18 MP: 1/1
   252 | D:1      | Gained mutation: You have a pair of small horns on your
                  | head. [demonic ancestry]
   252 | D:1      | Reached XP level 2. HP: 23/24 MP: 2/2
   396 | D:1      | Found a faded altar of an unknown god.
   823 | D:2      | Gained mutation: You regenerate a little health from kills.
                  | [demonic ancestry]
   823 | D:2      | Reached XP level 3. HP: 29/29 MP: 3/3
  1028 | D:2      | Gained mutation: A weak demonic guardian rushes to your
                  | aid. [demonic ancestry]
  1028 | D:2      | Reached XP level 4. HP: 35/35 MP: 4/4
  1884 | D:3      | Identified the +4 ring mail "Koenef" {rN+ Regen+ Stlth-}
  1986 | D:3      | Gained mutation: A demonic guardian rushes to your aid.
                  | [demonic ancestry]
  1986 | D:3      | Reached XP level 5. HP: 41/42 MP: 5/5
  2119 | D:3      | Noticed Jessica
  2124 | D:3      | Killed Jessica
  2263 | D:4      | Found a basalt altar of Yredelemnul.
  2281 | D:4      | Reached skill level 4 in Fighting
  2287 | D:4      | Noticed a phantom
  2299 | D:4      | Killed a phantom
  2334 | D:4      | Reached XP level 6. HP: 43/48 MP: 6/6
  2956 | D:5      | Entered Level 5 of the Dungeon
  3104 | D:5      | Found a staircase to the Ecumenical Temple.
  3118 | Temple   | Entered the Ecumenical Temple
  3172 | Temple   | Became a worshipper of Warmaster Okawaru
  3316 | D:5      | Noticed Edmund
  3383 | D:4      | Killed Edmund
  3384 | D:4      | Reached skill level 5 in Fighting
  3430 | D:5      | Reached XP level 7. HP: 56/56 MP: 7/7
  3799 | D:5      | Found a hide-covered altar of Uskayaw.
  3926 | D:5      | Noticed a steam dragon
  4234 | D:6      | Reached * piety under Okawaru
  4235 | D:6      | Reached skill level 6 in Fighting
  4705 | D:6      | Found Ysomushi's Weapon Emporium.
  4913 | D:6      | Reached XP level 8. HP: 64/64 MP: 8/8
  4990 | D:7      | Reached skill level 5 in Armour
  5221 | D:7      | Reached skill level 5 in Shields
  5485 | D:8      | Reached skill level 7 in Fighting
  5634 | D:8      | Noticed a two-headed ogre
  5767 | D:8      | Reached ** piety under Okawaru
  5849 | D:8      | Reached skill level 5 in Long Blades
  5910 | D:8      | Reached XP level 9. HP: 58/74 MP: 9/9
  6009 | D:8      | Reached skill level 8 in Fighting
  6085 | D:9      | Noticed a two-headed ogre
  6190 | D:8      | Reached *** piety under Okawaru
  6319 | D:8      | Reached skill level 9 in Fighting
  6371 | D:8      | Reached **** piety under Okawaru
  6746 | D:9      | HP: 2/76 [orc warrior/+0 flail (6)]
  6892 | D:8      | Demolished by a two-headed ogre

Illustrated notes

Levels and vault maps discovered:
D:1:      saegor_arrival_fortress, layout_basic,
          chequers_ecumenical_altar_island, hangedman_decor_clover_reticule
D:2:      layout_loops_ring
D:3:      layout_loops_cross, minmay_misc_feat_more_columns, uniq_jessica
D:4:      nicolae_cairo_tiling_very_big, layout_cave_pods,
          nicolae_overflow_squiral
D:5:      layout_basic, amcnicky_altar_gilded, minmay_temple_entry_sparse_star,
          minmay_quadrilaterals, uniq_edmund
D:6:      layout_loops_ring, serial_shops, shop, grunt_ministairs_15
D:7:      layout_cave_pools
D:8:      layout_loops_ring, grunt_lair_entry_orc_guard_hut
D:9:      layout_basic, orc_0_dummy
Temple:   nicolae_temple_bog_church

Skill      XL: |  1  2  3  4  5  6  7  8  9 |
---------------+----------------------------+-----
Long Blades    | 2 3 4 5 6 |  6.3
Armour         | 3 4 5 6 |  6.5
Shields        | 3 4 5 6 |  6.5
Fighting       | 4 5 6 7 9 |  9.3

Action                   |  1- 3 |  4- 6 |  7- 9 || total
-------------------------+-------+-------+-------++-------
Melee: Long sword        |    88 |   207 |   436 ||   731
       Headbutt          |     9 |    36 |    94 ||   139
       Great sword       |       |       |     3 ||     3
Evoke: Wand              |       |       |     2 ||     2
  Use: Scroll            |       |       |    18 ||    18
       Potion            |       |       |     1 ||     1
 Stab: Paralysed         |       |       |     5 ||     5
Armor: Scale mail        |    51 |    34 |       ||    85
       Ring mail         |       |    45 |   216 ||   261
Dodge: Dodged            |    45 |   115 |   237 ||   397
Block: Buckler           |    29 |    62 |   125 ||   216

Table legend: (Time is in decaauts)
 A = Elapsed time spent in this place.
 B = Non-inter-level travel time spent in this place.
 C = Inter-level travel time spent in this place.
 D = Time resting spent in this place.
 E = Time spent auto-exploring this place.
 F = Levels seen in this place.
 G = Mean time per level.
                   A        B        C        D        E       F      G
               +--------+--------+--------+--------+--------+-----+--------+
         Total |   7080 |   6605 |    475 |    485 |   4326 |  10 |  708.0 |
       Dungeon |   6884 |   6427 |    457 |    485 |   4166 |   9 |  764.9 |
        Temple |    195 |    177 |     18 |      0 |    159 |   1 |  195.0 |
               +--------+--------+--------+--------+--------+-----+--------+

Top non-repeatable levels by time:
     D:8: 1017 daAuts
     D:4: 947 daAuts
     D:7: 902 daAuts
     D:5: 856 daAuts
     D:1: 788 daAuts
     D:6: 770 daAuts
     D:2: 761 daAuts
     D:3: 708 daAuts
  Temple: 195 daAuts
     D:9: 131 daAuts
